cohdb
Replays
Latest Replays
All Replays
Popular Replays
Top Player Replays
Match Explorer
How It Works
Community
CoH3 Stats
Reddit
Sign in to upload your games and track your stats! →
Sign in with Steam
Match 46719135
Unlisted
Match 46719135
Overview
Messages
Build Orders
End
Pioneer Squad
Construct Infanterie Kompanie
Selects Breakthrough Battlegroup
Grenadier Squad
Selects Assault Grenadiers
MG 42 Machine Gun Team
Grenadier Squad
Construct Panzergrenadier Kompanie
Pak 40 Anti-tank Gun Team
Support Elements
Medical Station
StuG III G Assault Gun
Infanterie Officer Quarters
Grenadier Squad
Nebelwerfer 42 Rocket Launcher Team
Nebelwerfer 42 Rocket Launcher Team
Selects Smoke Bombing Run
Selects Incendiary Bombing Run
Selects Rapid Production
MG 42 Machine Gun Team
Panzergrenadier Officer Quarters
Construct Panzer Kompanie
Panzer IV Medium Tank
Henk
Czoppo.
water
Hirys it's Irys
RandyMarsh21
BeefCake
[TMI ] Marea
torq1
0
0
Comments
sign in to comment!
No comments posted yet!